 Dungeon Crawl Stone Soup version 0.29-a0-613-gf2c431b9b9 (webtiles) character file.

Game seed: 3808955805374154193

265 moldycheese5 the Chopper (level 5, -2/42 HPs)
             Began as a Demonspawn Berserker on June 16, 2022.
             Was a Believer of Trog.
             Slain by an iguana (6 damage)
             ... on level 4 of the Dungeon.
             The game lasted 00:05:44 (3407 turns).

moldycheese5 the Chopper (Demonspawn Berserker)     Turns: 3407, Time: 00:05:44

Health: -2/42      AC: 11    Str: 19    XL:     5   Next: 99%
Magic:  5/5        EV:  8    Int:  9    God:    Trog [**....]
Gold:   115        SH:  4    Dex: 12    Spells: 4/4 levels left

rFire   . . .      SeeInvis .   a - +0 hand axe
rCold   . . .      Faith    .   (no shield)
rNeg    . . .      Spirit   .   m - +0 chain mail
rPois   .          Reflect  .   o - +0 helmet
rElec   .          Harm     .   (no cloak)
rCorr   .          Rampage  .   u - +0 pair of gloves
Will    ++...                   (no boots)
Stlth   ..........              (no amulet)
HPRegen 1.14/turn               (no ring)
MPRegen 0.09/turn               (no ring)

@: strong-willed, regenerating
A: condensation shield, demonic magic 1, weakness stinger 1
a: Renounce Religion, Berserk, Trog's Hand


You were on level 4 of the Dungeon.
You worshipped Trog.
Trog was pleased with you.
You visited 1 branch of the dungeon, and saw 4 of its levels.

You collected 155 gold pieces.
You spent 40 gold pieces at shops.

Inventory:

Hand Weapons
 a - a +0 hand axe (weapon)
Armour
 b - a +0 animal skin
 m - a +0 chain mail (worn)
 o - a +0 helmet (worn)
 u - a +0 pair of gloves (worn)
Jewellery
 v - an amulet of faith
Scrolls
 c - 2 scrolls of amnesia {unknown}
 e - 5 scrolls of identify
 f - a scroll of torment {unknown}
 h - a scroll of enchant weapon {unknown}
 i - 2 scrolls of teleportation {unknown}
 j - 2 scrolls of fog {unknown}
 k - 2 scrolls of noise {unknown}
 q - a scroll of poison {unknown}
 r - 2 scrolls of vulnerability {unknown}
 t - a scroll of blinking {unknown}
 w - a scroll of fear {unknown}
Potions
 d - 2 potions of heal wounds {unknown}
 g - a potion of flight {unknown}
 l - 3 potions of brilliance {unknown}
 n - a potion of mutation {unknown}
 p - 2 potions of curing {unknown}
 s - a potion of might {unknown}
 x - a potion of degeneration {unknown}


   Skills:
 + Level 3.6 Fighting
 + Level 4.6 Axes
 + Level 3.2 Armour
 + Level 2.2 Dodging
 + Level 1.0 Stealth
 + Level 0.4 Shields


You had 4 spell levels left.
You didn't know any spells.
Your spell library was empty.

Dungeon Overview and Level Annotations

Branches:
Dungeon (4/15)
 Temple: D:4-7

Altars:
Cheibriados

Shops:
D:2 (*(?


Innate Abilities, Weirdness & Mutations

A meltable shield of frost defends you. (SH +4)
Spells you cast may paralyse adjacent enemies.
You have a small tail.


Message History

* * * LOW HITPOINT WARNING * * *
You hit the iguana but do no damage.
The iguana bites you but does no damage.
You hit the iguana but do no damage. The iguana bites you.
* * * LOW HITPOINT WARNING * * *
Your skin crawls.
You feel strong-willed. The iguana barely misses you.
The iguana attacks as you move away!
The iguana bites you but does no damage.
The iguana bites you but does no damage.
The iguana attacks as you move away! The iguana bites you.
* * * LOW HITPOINT WARNING * * *
You hit the iguana.
You tail-slap the iguana, but do no damage.
The iguana is lightly wounded.
You block the iguana's attack.
You hit the iguana but do no damage.
You tail-slap the iguana, but do no damage.
The iguana is lightly wounded.
The iguana bites you.
* * * LOW HITPOINT WARNING * * *
You hit the iguana but do no damage.
The iguana is lightly wounded.
The iguana bites you but does no damage.
You hit the iguana.
The iguana is moderately wounded.
You block the iguana's attack.
You hit the iguana but do no damage.
The iguana is moderately wounded.
The iguana bites you!
* * * LOW HITPOINT WARNING * * *
You hit the iguana but do no damage.
The iguana is moderately wounded.
The iguana bites you.
* * * LOW HITPOINT WARNING * * *
You hit the iguana but do no damage.
The iguana is moderately wounded.
The iguana bites you.
You die...

....# #.# #.# #.#.#....#
#.# #.#.# #.#.#....# #.#
#.#.# #.#.#....# #.#
#.#.# #.#.#....# #.#
#.#.# #.#.#....# #.#
#.#.# #.#.#....#
####.###.#.# #.#.#....#
#.....l@...####.........
#.##.###................
#.# ###.######.......
#.# #.# ######## #.# #.#
#.# #.# #.# #.# #.# #.#
..# #.#


You could see an iguana.

Vanquished Creatures
  A scorpion (D:3)
  An orc priest (D:3)
  Natasha (thrice) (D:2)
  Robin (D:2)
  2 adders
  3 worms
  2 dart slugs (D:2)
  2 orcs (D:3)
  2 ball pythons
  4 endoplasms
  3 giant cockroaches
  8 goblins
  10 hobgoblins
  4 quokkas
  8 bats
  A frilled lizard (D:1)
  2 kobolds
  7 rats
64 creatures vanquished.

Notes
Turn   | Place    | Note
-------+----------+-------------------------------------------
     0 | D:1      | moldycheese5 the Demonspawn Berserker began the quest for
                  | the Orb.
     0 | D:1      | Reached XP level 1. HP: 18/18 MP: 1/1
     7 | D:1      | Found a faded altar of an unknown god.
   183 | D:1      | Reached skill level 3 in Axes
   183 | D:1      | Gained mutation: You have a small tail. [demonic ancestry]
   183 | D:1      | Reached XP level 2. HP: 10/24 MP: 2/2
  1029 | D:2      | Found Nuegas's Magic Scroll Shoppe.
  1035 | D:2      | Bought a scroll of identify for 20 gold pieces
  1035 | D:2      | Bought a scroll of identify for 20 gold pieces
  1037 | D:2      | Noticed Robin
  1050 | D:2      | Killed Robin
  1051 | D:2      | Gained mutation: A meltable shield of frost defends you.
                  | (SH +4) [demonic ancestry]
  1051 | D:2      | Reached XP level 3. HP: 20/29 MP: 3/3
  1351 | D:2      | Found Dyap's Weapon Boutique.
  1360 | D:2      | Reached ** piety under Trog
  1459 | D:2      | Found Koeff's Weapon Emporium.
  1499 | D:2      | Noticed Natasha
  1505 | D:2      | Killed Natasha
  1506 | D:2      | Reached skill level 1 in Stealth
  1506 | D:2      | Reached XP level 4. HP: 32/35 MP: 4/4
  1621 | D:2      | Noticed Natasha
  1636 | D:2      | Killed Natasha
  1740 | D:2      | Noticed Natasha
  1753 | D:2      | Killed Natasha
  1754 | D:2      | Reached skill level 4 in Axes
  1754 | D:2      | Gained mutation: Spells you cast may paralyse adjacent
                  | enemies. [demonic ancestry]
  1754 | D:2      | Reached XP level 5. HP: 23/41 MP: 5/5
  1884 | D:2      | Found Kuimeum's General Store.
  1933 | D:2      | Found a snail-covered altar of Cheibriados.
  3393 | D:4      | HP: 2/42 [iguana (4)]
  3407 | D:4      | Slain by an iguana

Illustrated notes

Levels and vault maps discovered:
D:1:      minmay_arrival_semitransparent, layout_rooms,
          chequers_ecumenical_altar_simple_redux
D:2:      layout_basic, serial_shops, shop, nicolae_shop_advertising_works
          [nicolae_subvault_shop_adworks], nicolae_shop_stone, shop,
          basic_altar, uniq_robin, uniq_natasha
D:3:      layout_loops_corners
D:4:      layout_basic, kennysheep_opposing_triangles, uniq_edmund,
          uniq_eustachio, uniq_sigmund, uniq_ijyb

Skill      XL: |  1  2  3  4  5 |
---------------+----------------+-----
Axes           | 3 4 |  4.6
Dodging        | 2 |  2.2
Armour         | 2 3 |  3.2
Stealth        | 1 |  1.0
Fighting       | |  3.6
Shields        | |  0.4

Action                   |  1- 3 |  4- 6 || total
-------------------------+-------+-------++-------
Melee: Hand axe          |   114 |   121 ||   235
       Tailslap          |    11 |    17 ||    28
       Punch             |     1 |     2 ||     3
Invok: Trog's Hand       |       |     1 ||     1
 Stab: Sleeping          |     2 |       ||     2
Armor: Animal skin       |    11 |       ||    11
       Chain mail        |    59 |    58 ||   117
Dodge: Dodged            |    93 |    35 ||   128
Block: Other             |    10 |    12 ||    22

Table legend: (Time is in decaauts)
 A = Elapsed time spent in this place.
 B = Non-inter-level travel time spent in this place.
 C = Inter-level travel time spent in this place.
 D = Time resting spent in this place.
 E = Time spent auto-exploring this place.
 F = Levels seen in this place.
 G = Mean time per level.
                   A        B        C        D        E       F      G
               +--------+--------+--------+--------+--------+-----+--------+
         Total |   3444 |   3194 |    250 |    599 |   2057 |   4 |  861.0 |
       Dungeon |   3444 |   3194 |    250 |    599 |   2057 |   4 |  861.0 |
               +--------+--------+--------+--------+--------+-----+--------+

Top non-repeatable levels by time:
     D:3: 1215 daAuts
     D:2: 1112 daAuts
     D:1: 1030 daAuts
     D:4: 85 daAuts
